Description

It is the build HM used against Serral in Warchest Teamleague 2020.

VOD

https://youtu.be/Lp9EDgh16vU

Replay - TvZ - Bio - 3 CC

Build Order

Get SALT Encoding   

  12  0:00  SCV  
  13  0:12  SCV  
  14  0:17  Supply Depot  
  14  0:24  SCV  
  15  0:38  SCV  
  15  0:39  Barracks  
  16  0:43  Refinery  
  16  0:50  SCV  
  17  1:02  SCV  
  18  1:15  SCV  
  19  1:27  Reaper, Orbital Command  
  20  1:42  Command Center  
  20  1:50  Supply Depot  
  20  1:52  SCV  
  21  1:58  Marine  
  22  2:04  SCV  
  22  2:08  Factory  
  23  2:16  SCV  
  23  2:20  Barracks Reactor  
  25  2:42  Command Center  
  26  2:54  Orbital Command  
  27  3:00  Starport  switch factory and rax
  27  3:07  Hellion  
  29  3:13  Hellion  
  29  3:18  Refinery  if smelling roach pressure go banshee
  33  3:29  Hellion  
  37  3:34  Hellion  
  37  3:38  Viking  viking should clear overlord at base and near their (for scout denying)
  41  3:46  Barracks Tech Lab  
  43  3:54  Orbital Command  
  43  3:56  Liberator  
  43  3:58  Hellion x2  
  49  4:08  Supply Depot  depot at wall
  49  4:15  Marine  
  55  4:24  Hellion x2  
  62  4:32  Supply Depot  
  62  4:35  Stimpack  
  62  4:36  Marine  
  65  4:41  Supply Depot  
  67  4:50  Barracks x2  
  68  4:53  Factory Reactor  for rax
  68  4:54  Marine  
  71  5:05  Engineering Bay x2  
  71  5:06  Refinery x2, Starport Reactor  
  71  5:09  Orbital Command  
  71  5:17  Marine  
  76  5:35  Marine  
  76  5:39  Terran Infantry Armor Level 1, Factory Tech Lab, Terran Infantry Weapons Level 1  
  80  5:44  Marine x4  
  80  5:46  Medivac x2  
  81  6:04  Siege Tank  
  82  6:11  Barracks x2  
  89  6:27  Refinery  
  92  6:35  Combat Shield, Medivac x2  
  101  6:48  Siege Tank  
  108  7:06  Barracks Reactor x2  
  107  7:09  Barracks x3  no reactor because 2/2- note that HeRoMaRinE forgot one gas scv
  110  7:18  Medivac x2  
  110  7:21  Armory  
  116  7:26  Siege Tank  can be switched to widowmines
  122  7:39  Missile Turret  
  124  7:48  Medivac x2  
  135  8:15  Siege Tank  
  135  8:18  Medivac  
  142  8:27  Medivac  
  145  8:47  Siege Tank  
  160  9:19  Siege Tank  
  174  9:36  Command Center  
Spawning Tool Build Advisor. Get it on Overwolf

Go to:

Details

  • Created by: Napolitain
  • Published on: Sep 03, 2020
  • Modified on: Sep 09, 2020
  • Patch: 4.11.0
  • Difficulty: Hard
Show
View Real Time Build Order
Export as new Build Order

Comments (0)

There are no comments. Be the first!

Create an account to comment!